 Dungeon Crawl Stone Soup version 0.25.0-46-gbd7b0854d2 (console) character file.

Game seed: 8299289140509510421

236 Colgate the Magician (level 6, -1/44 HPs)
             Began as a Gnoll Wizard on July 13, 2020.
             Slain by an orc priest
             ... wielding a +0 short sword
              (2 damage)
             ... on level 4 of the Dungeon.
             The game lasted 00:40:49 (3557 turns).

Colgate the Magician (Gnoll Wizard)                 Turns: 3557, Time: 00:40:50

Health: -1/44      AC:  3    Str: 11    XL:     6   Next: 6%
Magic:  19/25      EV: 14    Int: 20    God:
Gold:   151        SH:  0    Dex: 14    Spells: 11/19 levels left

rFire    + . .     SeeInvis .   k - +4 spear
rCold    x . .     Gourm    .   (no shield)
rNeg     . . .     Faith    .   g - +0 leather armour
rPois    .         Spirit   .   b - +0 hat
rElec    .         Reflect  .   (no cloak)
rCorr    .         Harm     .   (no gloves)
MR       .....                  (no boots)
Stlth    ++........             (no amulet)
HPRegen  0.14/turn              x - ring of fire
MPRegen  0.19/turn              B - ring of magical power

@: very slightly contaminated
A: distributed training, fangs 1, strong nose
a: no special abilities


You were on level 4 of the Dungeon.
You were not hungry.

You visited 1 branch of the dungeon, and saw 4 of its levels.

You collected 151 gold pieces.

Inventory:

Hand Weapons
 c - a +2 dagger of venom
 k - a +4 spear (weapon)
 m - a +1 flail of holy wrath
 s - a +0 hunting sling
 y - a +1 short sword of speed
Missiles
 f - 43 arrows
 n - 42 bolts
 p - 51 stones (quivered)
 r - a throwing net
 t - 12 sling bullets
Armour
 a - a +0 robe
 b - a +0 hat (worn)
 g - a +0 leather armour (worn)
 h - a +0 ring mail
 A - a +0 scale mail
 C - a +0 chain mail
Jewellery
 x - a ring of fire (left hand)
 B - a ring of magical power (right hand)
Scrolls
 e - a scroll of blinking {unknown}
 i - 2 scrolls of fear {unknown}
 j - a scroll of remove curse {unknown}
 l - 4 scrolls of teleportation {unknown}
 v - 3 scrolls of identify {unknown}
 w - a scroll of random uselessness {unknown}
 z - a scroll of amnesia {unknown}
Potions
 o - a potion of mutation {unknown}
 q - a potion of degeneration {unknown}
 u - a potion of curing {unknown}
Comestibles
 d - 12 rations
 D - a chunk of flesh


   Skills:
 + Level 1.7 Fighting
 + Level 1.7 Short Blades
 + Level 1.7 Long Blades
 + Level 1.7 Axes
 + Level 1.7 Maces & Flails
 + Level 1.7 Polearms
 + Level 1.7 Staves
 + Level 1.7 Slings
 + Level 1.7 Bows
 + Level 1.7 Crossbows
 + Level 1.7 Throwing
 + Level 1.7 Armour
 + Level 4.9 Dodging
 + Level 4.5 Stealth
 + Level 1.7 Shields
 + Level 1.7 Unarmed Combat
 + Level 7.3 Spellcasting
 + Level 2.5 Conjurations
 + Level 1.3 Hexes
 + Level 1.3 Charms
 + Level 2.5 Summonings
 + Level 1.3 Necromancy
 + Level 2.5 Translocations
 + Level 1.3 Transmutations
 + Level 1.3 Fire Magic
 + Level 1.3 Ice Magic
 + Level 1.3 Air Magic
 + Level 1.3 Earth Magic
 + Level 1.3 Poison Magic
 + Level 2.0 Invocations
 + Level 1.7 Evocations


You had 11 spell levels left.
You knew the following spells:

 Your Spells              Type           Power        Failure   Level  Hunger
a - Magic Dart            Conj           ###.         4%          1    None
b - Blink                 Tloc           N/A          6%          2    None
c - Call Imp              Summ           ###.....     6%          2    None
d - Mephitic Cloud        Conj/Pois/Air  ##......     17%         3    #......

Your spell library contained the following spells:

 Spells                   Type           Power        Failure   Level  Hunger
 Slow                     Hex            ##......     11%         2    None
 Conjure Flame            Conj/Fire      ###.....     16%         3    #......


Dungeon Overview and Level Annotations

Branches:
Dungeon (4/15)
 Temple: D:4-7

Altars:


Innate Abilities, Weirdness & Mutations

Your experience applies equally to all skills.
You have very sharp teeth.
Your uncanny sense of smell can sniff out nearby items.


Message History

You are too injured to fight recklessly!
Attack whom?
Press: ? - help, Dir - move target cursor, f/p - orc priest
Aim: an orc priest, wielding a +0 short sword and wearing a +0 chain mail (heavily wounded)
You reach to attack!
You hit the orc priest.
The orc priest is severely wounded.
The orc priest miscasts a cantrip.
Attack whom?
Press: ? - help, Dir - move target cursor, f/p - orc priest
Aim: an orc priest, wielding a +0 short sword and wearing a +0 chain mail (severely wounded)
You reach to attack!
You hit the orc priest but do no damage.
The orc priest is severely wounded.
Attack whom?
Press: ? - help, Dir - move target cursor, f/p - orc priest
Aim: an orc priest, wielding a +0 short sword and wearing a +0 chain mail (severely wounded)
You hit the orc priest but do no damage.
The orc priest is severely wounded.
The orc priest hits you with a +0 short sword.
You die...

#. ..... # ...
#.#.. .# ....
#.#.#####.#
.....#)#.[......
.....).#)##...$.
##.....# # ∆
#......#....
#.#........#
#.#..5!....#
#5####.#.#..
#.o@...# #
######## ∆


You could see an orc priest and a friendly crimson imp (summoned).

Vanquished Creatures
  An orc priest (D:3)
  A hound (D:3)
  A gnoll (D:2)
  3 adders (D:2)
  2 oozes
  2 worms (D:2)
  3 dart slugs
  2 leopard geckos
  7 orcs (D:3)
  A ball python (D:1)
  2 giant cockroaches
  9 goblins
  5 hobgoblins
  2 quokkas
  9 bats
  11 frilled lizards
  6 kobolds
  8 rats
75 creatures vanquished.

Vanquished Creatures (collateral kills)
  3 gnolls (D:2)
  3 adders (D:2)
  A worm (D:3)
  6 orcs
  A ball python (D:2)
  A goblin (D:2)
  2 hobgoblins (D:1)
  2 bats (D:2)
  2 rats
21 creatures vanquished.

Grand Total: 96 creatures vanquished

Notes
Turn   | Place    | Note
-------+----------+-------------------------------------------
     0 | D:1      | Colgate the Gnoll Wizard began the quest for the Orb.
     0 | D:1      | Reached XP level 1. HP: 13/13 MP: 8/8
   160 | D:1      | Reached XP level 2. HP: 19/19 MP: 6/10
   164 | D:1      | Learned a level 2 spell: Blink
   167 | D:1      | Learned a level 2 spell: Call Imp
   658 | D:1      | Reached XP level 3. HP: 25/25 MP: 11/11
  1182 | D:2      | Reached skill level 1 in Invocations
  1321 | D:2      | Reached skill level 1 in Fighting
  1321 | D:2      | Reached skill level 1 in Short Blades
  1321 | D:2      | Reached skill level 1 in Long Blades
  1321 | D:2      | Reached skill level 1 in Axes
  1321 | D:2      | Reached skill level 1 in Maces & Flails
  1321 | D:2      | Reached skill level 1 in Polearms
  1321 | D:2      | Reached skill level 1 in Staves
  1321 | D:2      | Reached skill level 1 in Slings
  1321 | D:2      | Reached skill level 1 in Bows
  1321 | D:2      | Reached skill level 1 in Crossbows
  1321 | D:2      | Reached skill level 1 in Throwing
  1321 | D:2      | Reached skill level 1 in Armour
  1321 | D:2      | Reached skill level 1 in Shields
  1321 | D:2      | Reached skill level 1 in Unarmed Combat
  1321 | D:2      | Reached skill level 1 in Evocations
  1396 | D:2      | Reached XP level 4. HP: 32/32 MP: 11/13
  1778 | D:2      | Reached skill level 1 in Hexes
  1778 | D:2      | Reached skill level 1 in Charms
  1778 | D:2      | Reached skill level 1 in Necromancy
  1778 | D:2      | Reached skill level 1 in Transmutations
  1778 | D:2      | Reached skill level 1 in Fire Magic
  1778 | D:2      | Reached skill level 1 in Ice Magic
  1778 | D:2      | Reached skill level 1 in Air Magic
  1778 | D:2      | Reached skill level 1 in Earth Magic
  1778 | D:2      | Reached skill level 1 in Poison Magic
  1991 | D:2      | Reached XP level 5. HP: 37/37 MP: 6/14
  2883 | D:3      | Learned a level 3 spell: Mephitic Cloud
  3244 | D:3      | Reached XP level 6. HP: 37/44 MP: 16/16
  3554 | D:4      | HP: 1/44 [orc priest/divine providence (12)]
  3557 | D:4      | Slain by an orc priest

Illustrated notes

Levels and vault maps discovered:
D:1:      minmay_arrival_stone_box, layout_basic
D:2:      cheibrodos_old_hovel, layout_basic, first_ration
D:3:      layout_rooms, kennysheep_cross_room
D:4:      layout_loops_cross, lemuel_crystal_altar,
          minmay_temple_entry_junction, minmay_cut_off

Skill      XL: |  1  2  3  4  5  6 |
---------------+-------------------+-----
Conjurations   | 2 |  2.5
Summonings     | 2 |  2.5
Translocations | 2 |  2.5
Invocations    | 1 2 |  2.0
Fighting       | 1 |  1.7
Short Blades   | 1 |  1.7
Long Blades    | 1 |  1.7
Axes           | 1 |  1.7
Maces & Flails | 1 |  1.7
Polearms       | 1 |  1.7
Staves         | 1 |  1.7
Slings         | 1 |  1.7
Bows           | 1 |  1.7
Crossbows      | 1 |  1.7
Throwing       | 1 |  1.7
Armour         | 1 |  1.7
Shields        | 1 |  1.7
Unarmed Combat | 1 |  1.7
Evocations     | 1 |  1.7
Hexes          | 1 |  1.3
Charms         | 1 |  1.3
Necromancy     | 1 |  1.3
Transmutations | 1 |  1.3
Fire Magic     | 1 |  1.3
Ice Magic      | 1 |  1.3
Air Magic      | 1 |  1.3
Earth Magic    | 1 |  1.3
Poison Magic   | 1 |  1.3
Dodging        | |  4.9
Stealth        | |  4.5
Spellcasting   | |  7.3

Action                   |  1- 3 |  4- 6 || total
-------------------------+-------+-------++-------
Melee: Club              |     6 |       ||     6
       Bite              |     1 |     3 ||     4
       Dagger            |     9 |     1 ||    10
       Spear             |    27 |    74 ||   101
 Fire: Hunting sling     |       |    25 ||    25
 Cast: Magic Dart        |    38 |    54 ||    92
       Call Imp          |    20 |    22 ||    42
       Mephitic Cloud    |       |     2 ||     2
 Stab: Sleeping          |     5 |       ||     5
       Distracted        |     1 |       ||     1
  Eat: Chunk             |     1 |     7 ||     8
Armor: Robe              |     2 |       ||     2
       Leather armour    |     3 |     6 ||     9
       Ring mail         |    13 |    12 ||    25
Dodge: Dodged            |    34 |    48 ||    82
